 Dungeon Crawl Stone Soup version 0.30-a0-576-g89cddaab80 (webtiles) character file.

Game seed: 12208886800472548261

538897 drugrobin the Phalangite (level 24, -13/203 HPs)
             Began as a Demigod Delver on Dec 30, 2022.
             Mangled by a searing wretch (14 damage)
             ... on level 7 of Gehenna on Dec 31, 2022.
             The game lasted 05:16:40 (65700 turns).

drugrobin the Phalangite (Demigod Delver)          Turns: 65700, Time: 05:16:41

Health: -13/203    AC: 20    Str: 30      XL:     24   Next: 2%
Magic:  9/42       EV: 20    Int: 27 (30) God:
Gold:   2480       SH:  0    Dex: 14 (16) Spells: 2/42 levels left

rFire   + + .      SeeInvis .    a - +5 Lochaber axe {reach-cleave, poleaxe, Drain}
rCold   . . .      Faith    .    (shield currently unavailable)
rNeg    . . .      Spirit   .    l - +5 ring mail of Dishonour {rPois rF+ rC+ Dex+4}
rPois   +          Reflect  .    (helmet restricted)
rElec   +          Harm     .    t - +2 cloak
rCorr   +          Rampage  .    R - +2 pair of gloves
Will    ++++.                    u - +1 pair of boots
Stlth   ++                       C - amulet "Fujonoiwey" {Fragile Regen+ Str+5 Int-2 Dex+3}
HPRegen 1.33/turn                k - +4 ring of slaying
MPRegen 0.28/turn                O - ring "Agikk" {Fire rElec Will++ rCorr Dex-4}

@: fire vulnerable, unable to read
A: high MP 1, forlorn, divine attributes, antennae 1, clumsy 1, fire resistance
1, frail 1, wild magic 1
}: 2/15 runes: barnacled, gossamer
a: no special abilities


You were on level 7 of Gehenna.
You visited 13 branches of the dungeon, and saw 54 of its levels.
You visited the Abyss 2 times.
You visited 1 bazaar.
You also visited: Ossuary, Gauntlet, Ice Cave and Volcano.

You collected 5745 gold pieces.
You spent 3265 gold pieces at shops.

Inventory:

Hand Weapons
 a - the +5 Lochaber axe (weapon) {reach-cleave, poleaxe, Drain}
   (You acquired it on level 12 of the Dungeon)

   It can be evoked to extend its reach, and strikes at all foes within reach,
   dealing less damage to those not targeted.
   It uses either Axes or Polearms skill, whichever is higher.
   Drain:     It drains your maximum health when unequipped.
 J - the +5 glaive of the Guard {elec, spectral, AC+5}
   (You found it on level 4 of the Vaults)

   It occasionally discharges a powerful burst of electricity upon striking a
   foe.
   When it strikes, its spirit leaps out and fights alongside the wielder.
   AC:        It affects your AC (+5).
Missiles
 h - 5 throwing nets
 i - 56 boomerangs (quivered)
 m - a curare-tipped dart
Armour
 l - the +5 ring mail of Dishonour (worn) {rPois rF+ rC+ Dex+4}
   (You bought it in a shop on level 3 of the Dungeon)

   Dex:       It affects your dexterity (+4).
   rF:        It protects you from fire.
   rC:        It protects you from cold.
   rPois:     It protects you from poison.
 r - a +2 helmet of see invisible
 t - a +2 cloak (worn)
 u - a +1 pair of boots (worn)
 L - the +9 ring mail "Uson" {rCorr}
   (You found it on level 1 of the Vaults)

   rCorr:     It protects you from acid and corrosion.
 R - a +2 pair of gloves (worn)
Jewellery
 b - an amulet of magic regeneration
 c - a +4 ring of protection
 k - a +4 ring of slaying (left hand)
 B - the ring of the Endless Expanse {rC+ MP+9 Int+4}
   (You took it off a rakshasa on level 11 of the Dungeon)

   [ring of magical power]

   Int:       It affects your intelligence (+4).
   rC:        It protects you from cold.
   MP:        It affects your magic capacity (+9).
 C - the amulet "Fujonoiwey" (around neck) {Fragile Regen+ Str+5 Int-2 Dex+3}
   (You found it in a Gauntlet)

   [amulet of regeneration]

   Str:       It affects your strength (+5).
   Int:       It affects your intelligence (-2).
   Dex:       It affects your dexterity (+3).
   Regen:     It increases your rate of health regeneration.
   Fragile:   It will be destroyed if unequipped.
 G - a ring of wizardry
 O - the ring "Agikk" (right hand) {Fire rElec Will++ rCorr Dex-4}
   (You took it off a merfolk on level 4 of the Shoals)

   [ring of fire]

   It enhances your fire magic.
   Dex:       It affects your dexterity (-4).
   rF:        It protects you from fire.
   rC:        It makes you vulnerable to cold.
   rElec:     It insulates you from electricity.
   rCorr:     It protects you from acid and corrosion.
   Will:      It greatly increases your willpower.
Wands
 g - a wand of digging (20)
 o - a wand of iceblast (23)
 w - a wand of mindburst (23)
 I - a wand of charming (45)
 T - a wand of polymorph (8)
 W - a wand of quicksilver (21)
 Y - a wand of flame (50)
Scrolls
 e - 9 scrolls of immolation
 p - 5 scrolls of vulnerability
 q - 9 scrolls of fear
 y - 7 scrolls of poison
 z - 4 scrolls of butterflies
 E - 5 scrolls of silence
 K - 7 scrolls of blinking
 M - 14 scrolls of teleportation
 S - 2 scrolls of fog
 U - 6 scrolls of magic mapping
 X - 2 scrolls of enchant armour
Potions
 f - 9 potions of haste
 n - 19 potions of curing
 s - a potion of heal wounds
 v - 3 potions of mutation
 x - 19 potions of ambrosia
 A - 3 potions of resistance
 D - 6 potions of cancellation
 H - 4 potions of might
 N - 6 potions of invisibility
 P - 7 potions of lignification
 V - 2 potions of brilliance
Miscellaneous
 d - a lightning rod (4/4)
 F - a condenser vane (inert)
 Q - a phial of floods
 Z - a phantom mirror


   Skills:
 - Level 20.6 Fighting
 - Level 26.0 Polearms
 + Level 6.1 Armour
 - Level 17.7 Dodging
 - Level 4.5 Stealth
 + Level 9.7 Spellcasting
 * Level 19.6 Earth Magic
 - Level 4.0 Evocations


You had 2 spell levels left.
You knew the following spells:

 Your Spells              Type           Power      Damage    Failure   Level
a - Summon Small Mammal   Summ           68%        N/A       10%         1
b - Borgnjor's Vile Clut  Necr/Erth      36%        N/A       5%          5
c - Blink                 Tloc           34%        N/A       13%         2
d - Shatter               Erth           50%        3d38*     93%         9
e - Mephitic Cloud        Conj/Pois/Air  17%        N/A       26%         3
f - Kindle Blastsparks    Fire/Tloc/Air  50%        2d14      26%         3
g - Wereblood             Tmut           17%        N/A       13%         2
h - Leda's Liquefaction   Hex/Erth       36%        N/A       2%          4
i - Lee's Rapid Deconstr  Erth           50%        3d24*     1%          5
j - Statue Form           Tmut/Erth      48%        N/A       22%         6

Your spell library contained the following spells:

 Spells                   Type           Power      Damage    Failure   Level
 Apportation              Tloc           34%        N/A       10%         1
 Kiss of Death            Conj/Necr      68%        2d10      10%         1
 Necrotise                Necr           68%        1d7       10%         1
 Sting                    Tmut/Pois      68%        1d6       10%         1
 Cigotuvi's Dreadful Rot  Necr/Pois/Air  34%        N/A       13%         2
 Momentum Strike          Conj/Tloc      34%        3d8       13%         2
 Poisonous Vapours        Pois/Air       34%        N/A       13%         2
 Static Discharge         Conj/Air       34%        2-4/arc   13%         2
 Sublimation of Blood     Necr           17%        N/A       13%         2
 Confusing Touch          Hex            17%        N/A       26%         3
 Dazzling Flash           Conj/Hex       34%        N/A       26%         3
 Lesser Beckoning         Tloc           34%        N/A       26%         3
 Ozocubu's Armour         Ice            17%        N/A       26%         3
 Portal Projectile        Hex/Tloc       34%        N/A       26%         3
 Spider Form              Tmut/Pois      17%        N/A       26%         3
 Summon Guardian Golem    Hex/Summ       17%        N/A       26%         3
 Dispel Undead            Necr           17%        3d10      61%         4
 Ice Form                 Ice/Tmut       17%        N/A       61%         4
 Iskenderun's Mystic Bla  Conj/Tloc      17%        2d5       61%         4
 Manifold Assault         Tloc           17%        N/A       61%         4
 Olgreb's Toxic Radiance  Pois           17%        N/A       61%         4
 Metabolic Englaciation   Hex/Ice        8%         N/A       90%         5
 Summon Forest            Summ/Tloc      8%         N/A       90%         5
 Yara's Violent Unravell  Hex/Tmut       8%         3d5       90%         5
 Death Channel            Necr           8%         N/A       100%        6
 Eringya's Noxious Bog    Tmut/Pois      8%         N/A       100%        6
 Simulacrum               Ice/Necr       8%         N/A       100%        6
 Starburst                Conj/Fire      12%        6d5       100%        6
 Dragon Form              Tmut           8%         N/A       100%        7
 Enfeeble                 Hex            8%         N/A       100%        7
 Orb of Destruction       Conj           8%         9d6       100%        7
 Spellforged Servitor     Conj/Summ      8%         N/A       100%        7
 Storm Form               Tmut/Air       8%         N/A       100%        7
 Summon Hydra             Summ           8%         N/A       100%        7
 Chain Lightning          Conj/Air       8%         3d11      100%        9
 Fire Storm               Conj/Fire      12%        8d3       100%        9


Dungeon Overview and Level Annotations

Branches:
Dungeon (15/15)            Temple (0/1) D:5            Lair (5/5) D:9
 Shoals (4/4) Lair:2       Spider (4/4) Lair:2        Slime (0/5) Lair:5
    Orc (2/2) D:11            Elf (3/3) Orc:2        Vaults (5/5) D:13
  Crypt (0/3) Vaults:3     Depths (4/4) D:15           Hell (visited)
    Dis (1/7) Hell            Geh (7/7) Hell            Coc (2/7) Hell
    Tar (1/7) Hell        Ossuary (visited)           IceCv (visited)
Volcano (visited)         Gauntlet (visited)
    Zot: Depths:4

Shops:
D:2 !   D:3 [!(*:   Orc:2 ([*!*   Shoals:1 *=***   Vaults:2 [

Portals:
Hell: Depths:1 Depths:2 Depths:3
Abyss: Depths:1 Depths:3
Pandemonium: Depths:1 Depths:2 Depths:3
Ziggurat: Depths:1

Annotations:
Spider:4 exclusion: 3 doors
Depths:2 2 transporters


Innate Abilities, Weirdness & Mutations

You have an increased reservoir of magic. (+10% MP)
You shall have no god before yourself.
Your divine heritage dramatically boosts your attributes as you level up.
You have a pair of small antennae on your head.
You are clumsy. (Dex -2)
Your flesh is heat resistant. (rF+)
You are frail. (-10% HP)
Your spells are a little harder to cast, but a little more powerful.


Message History

Unknown command.
Unknown command.
Unknown command.
Unknown command.
Unknown command.
You barely miss the searing wretch.
The searing wretch is moderately damaged.
You are covered in liquid flames!
* * * LOW HITPOINT WARNING * * *
The searing wretch claws you!!
* * * LOW HITPOINT WARNING * * *
You are engulfed in flames!
You resist.
* * * LOW HITPOINT WARNING * * *
The searing wretch closely misses you. The searing wretch barely misses you.
Unknown command.
Unknown command.
Unknown command.
Unknown command.
Unknown command.
Unknown command.
Unknown command.
Unknown command.
Unknown command.
Unknown command.
You feel much better.
You are covered in liquid flames!
The searing wretch claws you!!
* * * LOW HITPOINT WARNING * * *
You are engulfed in flames!
You resist.
* * * LOW HITPOINT WARNING * * *
The searing wretch misses you. x2
Unknown command.
Unknown command.
The searing wretch attacks as you move away!
The searing wretch claws you!!
* * * LOW HITPOINT WARNING * * *
You are engulfed in flames!
You resist.
* * * LOW HITPOINT WARNING * * *
The searing wretch claws you!
You die...

..≈≈§§≈≈≈≈ ...≈≈≈§§§§§§....
^..≈≈§≈≈≈≈§§....# #...≈§§
....≈≈≈§≈≈§§≈...# #..≈≈≈≈≈
....≈≈≈≈§≈≈§≈≈≈.##########.≈≈§§§≈
......≈≈≈≈≈≈≈≈§.n.○○§§§§.n.§§§§≈§
.........≈≈≈≈≈§≈§≈..§°.§.§≈≈≈§§§≈
..#..........≈≈≈§≈§☼§§.n≈≈≈≈≈≈§2≈
................@≈§≈≈≈≈≈≈§≈≈≈≈≈≈≈
................§n§§≈≈≈≈≈§....§..
#......######.....○§§§☼.§.....###
......## ####..☼.☼§###...###
..^#### ##...### #.### #### #####
###


You could see 2 searing wretches.

Vanquished Creatures
  A dread lich (Geh:7)
  An ancient lich (Vaults:3)
  Sojobo (D:15)
  Bai Suzhen (Shoals:3)
  Geryon (Hell)
  2 bone dragons
  6 golden dragons
  A profane servitor (Hell)
  Arachne (Spider:4)
  7 Brimstone Fiends
  9 hellephants
  A walking crystal tome (Depths:4)
  2 Hell Sentinels
  18 searing wretches
  3 tentacled monstrosities
  3 deep elf blademasters
  Polyphemus (Shoals:2)
  A titan (Shoals:4)
  Frances (Elf:1)
  4 sphinxes
  3 ancient champions (Hell)
  2 eldritch tentacles (Vaults:3)
  6 tentacled starspawn (Abyss:1)
  The ghost of Duyfal the Bewitcher, an adept SpCj of Hepliaklqana (Vaults:3)
  An Executioner (Abyss:1)
  A storm dragon (Vaults:4)
  2 tengu reavers (Depths:1)
  2 draconian monks
  Ilsuiw (Shoals:2)
  5 shadow dragons
  3 frost giants
  17 fire giants
  6 deep elf sorcerers
  A quicksilver elemental (Hell)
  5 ghost moths
  13 balrugs
  A cacodemon (Abyss:1)
  3 emperor scorpions
  Aizul (Shoals:1)
  Louise (Shoals:3)
  16 vault wardens
  An iron dragon (Hell)
  A spectral juggernaut (Depths:4)
  3 deep elf elementalists (Elf:3)
  4 spriggan defenders
  A draconian stormcaller (Depths:4)
  2 orc warlords
  20 ironbound preservers
  4 war gargoyles
  10 ironbound thunderhulks
  6 reapers
  8 starcursed masses (Abyss:1)
  20 stone giants
  The ghost of Khashishi the Nimble, a journeyman HuRe of Kikubaaqudgha (Lair:4)
  7 very ugly things
  2 white draconians (Depths:4)
  3 green draconians (Depths:4)
  3 putrid mouths (Tar:1)
  3 deep elf demonologists
  8 dire elephants
  2 spark wasps
  A red draconian (Depths:4)
  6 deep elf annihilators
  A wendigo (Hell)
  A minotaur (Gauntlet)
  2 vampire knights
  A purple draconian (Depths:4)
  3 black draconians (Depths:4)
  A lorocyproca (Depths:2)
  5 crystal guardians
  3 iron golems (Hell)
  5 deep elf death magi
  18 merfolk javelineers
  8 ettins
  A green death (Abyss:1)
  15 merfolk impalers
  A spectral spriggan (Tar:1)
  7 great orbs of eyes
  4 hydras
  10 fire dragons
  An entropy weaver (shapeshifter) (D:15)
  8 entropy weavers
  8 yaktaur captains
  6 rakshasas
  Erolcha (D:13)
  6 ice dragons
  3 radroaches
  6 salamander tyrants
  2 spriggan air magi
  14 ironbound frosthearts
  28 vault guards
  5 stokers
  4 catoblepae
  A radroach (shapeshifter) (Gauntlet)
  13 centaur warriors
  6 merfolk avatars
  4 alligator snapping turtles
  An ogre mage (D:15)
  5 peacekeepers
  3 jorogumos
  A satyr (Shoals:3)
  9 merfolk aquamancers
  7 boulder beetles
  11 death yaks
  9 two-headed ogres
  A two-headed ogre (shapeshifter) (Depths:1)
  A death knight (D:15)
  21 dancing weapons
  6 deep troll shamans
  5 thrashing horrors (Abyss:1)
  3 spriggan berserkers
  7 orc high priests (Orc:2)
  A spectral stone giant (Tar:1)
  10 deep troll earth magi
  A vampire mage (D:15)
  Urug (Orc:1)
  3 tengu warriors
  21 hell hogs
  2 crystal echidnas
  24 hell knights
  23 deep elf knights
  8 soul eaters (Hell)
  A spectral storm dragon (Tar:1)
  10 sun demons
  3 sixfirhies
  2 spectral death yaks (Lair:5)
  Amaemon (Lair:1)
  A spectral anaconda (Lair:5)
  A storm dragon skeleton (Depths:2)
  13 iron trolls
  9 pharaoh ants
  3 wretched stars (Abyss:1)
  53 deep trolls
  19 skeletal warriors
  2 death drakes
  2 sun moths
  A shadow demon (Depths:1)
  5 steelbarb worms
  A spark wasp zombie (D:15)
  An obsidian statue (Lair:5)
  9 sea snakes
  A flayed ghost (Depths:4)
  10 deep elf archers
  A spriggan simulacrum (Hell)
  4 glowing orange brains
  18 orb spiders
  24 harpies
  A fenstrider witch simulacrum (Coc:1)
  6 wizards
  A golden dragon skeleton (Depths:2)
  A phantasmal warrior (D:15)
  An orange crystal statue (Vaults:1)
  16 ironbound convokers
  2 anaconda skeletons (Volcano)
  7 lindwurms
  A tengu zombie (D:15)
  A bunyip skeleton (Abyss:1)
  31 deep elf pyromancers
  12 necromancers
  11 orc knights
  22 wolf spiders
  A frost giant zombie (D:15)
  A spectral fire dragon (Tar:1)
  16 manticores
  A fire giant zombie (D:15)
  21 deep elf zephyrmancers
  4 oklob plants (Lair:3)
  8 fauns
  8 cyclopes
  A spectral alligator snapping turtle (Tar:1)
  An iron dragon skeleton (Depths:2)
  5 moths of wrath
  9 ugly things
  2 worldbinders (Abyss:1)
  2 ice statues (IceCv)
  3 black mambas
  9 rust devils
  14 elephants
  A black mamba (shapeshifter) (Depths:2)
  9 water nymphs
  7 torpor snails
  10 merfolk sirens
  An apocalypse crab (Abyss:1)
  A titan simulacrum (Hell)
  6 gargoyles
  11 cane toads
  7 smoke demons
  6 demonic crawlers
  23 vault sentinels
  A molten gargoyle (Hell)
  5 hellions
  6 orange demons
  3 rime drakes
  5 freezing wraiths
  34 yaktaurs
  Psyche (D:10)
  2 tormentors
  8 komodo dragons
  An unseen horror (D:10)
  An anaconda simulacrum (Hell)
  An efreet (D:13)
  5 tengu conjurers
  Maggie (Lair:1)
  2 hellwings
  3 ancient zymes (Abyss:1)
  3 red devils
  4 ice devils
  11 trolls
  A queen bee (Lair:2)
  7 hornets
  45 merfolk
  6 meliai
  4 polar bears
  3 harpy skeletons (Volcano)
  12 wind drakes
  A raiju (shapeshifter) (Elf:2)
  13 raiju (Abyss:1)
  23 blink frogs
  14 snapping turtles
  38 tarantellas
  31 slime creatures
  A spectral elephant (Lair:5)
  10 dream sheep
  3 stone giant simulacra
  A culicivora (shapeshifter) (Gauntlet)
  16 culicivoras
  22 jumping spiders
  A vampire (D:9)
  4 flying skulls
  Sigmund (D:4)
  A snapping turtle (shapeshifter) (Gauntlet)
  3 shadows (D:11)
  10 small abominations
  19 air elementals
  2 dire elephant simulacra
  4 wraiths
  15 large abominations
  7 spriggans
  36 water elementals
  5 ynoxinuls
  6 wyverns
  9 humans (D:13)
  37 yaks
  3 basilisks
  5 chaos spawn
  7 neqoxecs
  6 fire elementals
  8 vampire mosquitoes
  A fire bat (Abyss:1)
  59 redbacks
  3 death yak simulacra
  Menkaure (Ossuary)
  6 wargs (Orc:2)
  A spectral cane toad (Lair:5)
  7 harpy simulacra
  3 swamp worms (Gauntlet)
  An acid dragon (shapeshifter) (D:13)
  6 acid dragons
  A hell hound (Abyss:1)
  16 water moccasins
  A floating eye (Depths:2)
  A hydra simulacrum (Coc:1)
  An ice beast (D:6)
  38 orc warriors
  2 black bears
  2 elephant zombies (Lair:5)
  3 sky beasts
  9 wolves
  10 ogres
  An elephant skeleton (Lair:5)
  5 boggarts
  A phantom (D:5)
  15 centaurs
  4 elf zombies (Elf:1)
  3 kobold brigands
  13 bullfrogs
  4 earth elementals
  A gnoll sergeant (D:12)
  3 cane toad simulacra
  A naga simulacrum (Hell)
  3 scorpions
  5 wights
  An elephant simulacrum (IceCv)
  37 killer bees
  8 howler monkeys
  3 electric eels
  3 spriggan skeletons (Volcano)
  A troll skeleton (Volcano)
  A jelly (D:7)
  4 quasits (Abyss:1)
  2 gnoll boudas
  7 hounds
  51 orc priests
  An iron imp (Abyss:1)
  5 iguanas
  Natasha (thrice) (D:2)
  28 orc wizards
  3 hell rats (Lair:3)
  A polar bear simulacrum (IceCv)
  2 naga skeletons (Volcano)
  4 mummies
  Robin (D:2)
  13 gnolls
  9 adders
  6 river rats (Lair:3)
  A shadow imp (D:6)
  14 white imps
  3 ufetubi (Abyss:1)
  5 dart slugs
  105 orcs
  9 ball pythons
  5 endoplasms
  5 giant cockroaches
  15 goblins
  10 hobgoblins
  2 jackals (D:1)
  2 quokkas
  9 bats
  A frilled lizard (D:1)
  5 gnoll skeletons (Ossuary)
  7 gnoll zombies (Ossuary)
  4 goblin skeletons (Ossuary)
  8 goblin zombies
  4 hobgoblin skeletons (Ossuary)
  4 hobgoblin zombies (Ossuary)
  13 kobolds
  3 kobold skeletons (Ossuary)
  2 kobold zombies (Ossuary)
  7 orc skeletons (Ossuary)
  3 orc zombies
  8 rats
  2 rat skeletons (Ossuary)
  3 rat zombies (Ossuary)
  A bush (D:15)
  5 creeping infernos
  22 fire vortices
  A lurking horror (Abyss:1)
  7 starspawn tentacles (Abyss:1)
2411 creatures vanquished.

Vanquished Creatures (collateral kills)
  Donald (Elf:3)
  A dancing weapon (Elf:2)
2 creatures vanquished.

Vanquished Creatures (others)
  An eldritch tentacle (Vaults:3)
  A deep elf zephyrmancer (Elf:2)
  A merfolk (Shoals:3)
  A jumping spider (Spider:1)
  A culicivora (Spider:4)
  A water elemental (Elf:2)
  An air elemental (Elf:3)
  A human (D:13)
  11 bushes (D:15)
  6 creeping infernos (Geh:2)
  2 fire vortices
  42 fungi
  4 lurking horrors (Geh:2)
  160 plants
  11 starspawn tentacles (Abyss:1)
  29 withered plants
273 creatures vanquished.

Grand Total: 2686 creatures vanquished

Notes
Turn   | Place    | Note
-------+----------+-------------------------------------------
     0 | D:5      | drugrobin the Demigod Delver began the quest for the Orb.
     0 | D:5      | Reached XP level 1. HP: 18/18 MP: 3/3
   100 | D:5      | Noticed a hound
   156 | D:4      | Reached skill level 2 in Polearms
   212 | D:4      | Identified the +1 sling of the Orb {flame, rElec Dex+2}
   411 | D:4      | Noticed a hound
   476 | D:4      | Identified the +1 quarterstaff of the Glowing Goat {heavy,
                  | Contam rElec rC+ rCorr}
   521 | D:3      | Reached XP level 2. HP: 25/25 MP: 4/4
   855 | D:4      | Reached skill level 3 in Polearms
   855 | D:4      | Reached XP level 3. HP: 14/30 MP: 5/5
  1037 | D:3      | Found Wanuicigoi's Book Boutique.
  1061 | D:3      | Found Reskyroj's Assorted Antiques.
  1140 | D:3      | Found Leown's Weapon Shoppe.
  1143 | D:3      | Learned a level 1 spell: Summon Small Mammal
  1145 | D:3      | Learned a level 1 spell: Necrotise
  1152 | D:3      | Bought 2 poisoned darts for 10 gold pieces
  1190 | D:3      | Found Guiqyedo's Antique Armour Shop.
  1414 | D:3      | Reached skill level 4 in Polearms
  1514 | D:3      | Found Leiboony's Distillery.
  1568 | D:3      | Reached XP level 4. HP: 37/37 MP: 6/6
  1658 | D:2      | Noticed Natasha
  1775 | D:2      | Killed Natasha
  2210 | D:1      | Reached skill level 5 in Polearms
  2459 | D:2      | Reached XP level 5. HP: 39/42 MP: 7/7
  2470 | D:2      | Found Xuifor's Distillery.
  2478 | D:2      | Bought a potion of curing for 36 gold pieces
  2478 | D:2      | Bought a potion of degeneration for 12 gold pieces
  2478 | D:2      | Bought a potion of attraction for 36 gold pieces
  2478 | D:2      | Bought a potion of flight for 36 gold pieces
  2478 | D:2      | Bought a potion of might for 48 gold pieces
  2706 | D:2      | Noticed Robin
  2715 | D:2      | Killed Robin
  2941 | D:2      | Learned a level 2 spell: Blink
  3050 | D:2      | Noticed Natasha
  3063 | D:2      | Killed Natasha
  3180 | D:2      | Noticed Natasha
  3194 | D:2      | Killed Natasha
  3753 | D:4      | Noticed Sigmund
  3824 | D:4      | Killed Sigmund
  3825 | D:4      | Reached skill level 6 in Polearms
  3825 | D:4      | Reached XP level 6. HP: 38/50 MP: 8/8
  4529 | D:4      | Reached skill level 7 in Polearms
  4719 | D:5      | Reached XP level 7. HP: 56/56 MP: 9/9
  4722 | D:5      | Learned a level 2 spell: Momentum Strike
  4976 | D:5      | HP: 2/56 [water moccasin (7)]
  4980 | D:5      | Reached skill level 8 in Polearms
  5823 | D:5      | Found a staircase to the Ecumenical Temple.
  6256 | D:6      | Reached skill level 9 in Polearms
  6287 | D:6      | Found a sand-covered staircase.
  6292 | Ossuary  | Entered an ossuary
  6432 | Ossuary  | Reached XP level 8. HP: 62/62 MP: 10/10
  6633 | Ossuary  | Noticed Menkaure
  6645 | Ossuary  | Killed Menkaure
  6947 | D:6      | Reached skill level 10 in Polearms
  8136 | D:7      | Reached XP level 9. HP: 45/71 MP: 11/11
  8550 | D:7      | Reached skill level 11 in Polearms
  9885 | D:8      | Gained mutation: Your natural rate of healing is unusually
                  | fast. [potion of mutation]
  9889 | D:8      | Reached skill level 5 in Fighting
 10224 | D:8      | Reached skill level 12 in Polearms
 10278 | D:8      | Got the Cyclopedia of the Reshaped Map
 10516 | D:8      | Reached skill level 5 in Dodging
 10516 | D:8      | Reached XP level 10. HP: 55/81 MP: 13/13
 10832 | D:9      | Found a staircase to the Lair.
 11151 | D:3      | Bought a steaming ring mail for 234 gold pieces
 11151 | D:3      | Identified the +5 ring mail of Dishonour {rPois rF+ rC+
                  | Dex+4} (You bought it in a shop on level 3 of the Dungeon)
 11342 | D:9      | Noticed a two-headed ogre
 11358 | D:8      | Killed a two-headed ogre
 11708 | D:10     | Entered Level 10 of the Dungeon
 11784 | D:10     | Reached skill level 13 in Polearms
 12248 | D:10     | Noticed Psyche
 12262 | D:10     | Killed Psyche
 12381 | D:11     | Found a staircase to the Orcish Mines.
 12390 | D:11     | Reached skill level 1 in Evocations
 12503 | D:11     | Noticed a two-headed ogre
 12533 | D:11     | Killed a two-headed ogre
 12534 | D:11     | Reached XP level 11. HP: 40/91 MP: 14/14
 13053 | D:11     | Noticed a two-headed ogre
 13381 | D:11     | Noticed a boulder beetle
 13404 | D:11     | Killed a boulder beetle
 13499 | D:11     | Reached skill level 14 in Polearms
 13513 | D:11     | Noticed a two-headed ogre
 13514 | D:11     | Noticed a seven-headed hydra
 13621 | D:12     | Noticed a deep elf pyromancer
 13634 | D:12     | Killed a deep elf pyromancer
 13699 | D:12     | Found a frozen archway.
 13738 | IceCv    | Entered an ice cave
 13835 | IceCv    | Found a transporter.
 13849 | IceCv    | Found a transporter.
 14090 | IceCv    | Identified the +4 rapier of Embarrassment {drain, Drain rF+
                  | Str+2 Int+3}
 14128 | D:12     | Identified a scroll of acquirement
 14130 | D:12     | Acquired the +5 Lochaber axe {reach-cleave, poleaxe, Drain}
 14130 | D:12     | Found the +5 Lochaber axe {reach-cleave, poleaxe, Drain}
 14210 | D:12     | Noticed a centaur warrior
 14221 | D:12     | Killed a centaur warrior
 14284 | D:12     | Identified the +0 robe of the Barracuda {rPois Will+ Dex+2}
 14423 | D:12     | Reached XP level 12. HP: 102/102 MP: 15/15
 14779 | D:13     | Noticed a vault guard
 14807 | D:13     | Killed a vault guard
 14808 | D:13     | Reached skill level 15 in Polearms
 14864 | D:13     | Noticed a vault guard
 14938 | D:13     | Noticed Erolcha
 15008 | D:13     | Killed a vault guard
 15045 | D:13     | Found a gate to the Vaults.
 15166 | D:13     | Noticed a boulder beetle
 15190 | D:13     | Killed a boulder beetle
 15594 | D:13     | Noticed a centaur warrior
 15605 | D:13     | Killed a centaur warrior
 15606 | D:13     | Reached skill level 16 in Polearms
 15753 | D:13     | Killed Erolcha
 15819 | D:13     | Noticed a centaur warrior
 15824 | D:13     | Killed a centaur warrior
 16138 | Lair:1   | Entered Level 1 of the Lair of Beasts
 16169 | Lair:1   | Found a dark tunnel.
 16184 | Volcano  | Entered a volcano
 16554 | Volcano  | Reached skill level 17 in Polearms
 16844 | Lair:1   | Reached XP level 13. HP: 105/107 MP: 16/16
 17054 | Lair:1   | Noticed Maggie
 17073 | Lair:1   | Killed Maggie
 17628 | Lair:2   | Found a hole to the Spider Nest.
 17701 | Lair:2   | Reached skill level 18 in Polearms
 17743 | Lair:2   | Noticed Amaemon
 17766 | Lair:1   | Killed Amaemon
 18187 | Lair:2   | Found a staircase to the Shoals.
 18844 | Lair:3   | Found a gate leading to a gauntlet.
 18857 | Gauntlet | Entered a Gauntlet
 18857 | Gauntlet | Found a transporter.
 18865 | Gauntlet | Found a transporter.
 18867 | Gauntlet | Found a transporter.
 18886 | Gauntlet | Found a transporter.
 18894 | Gauntlet | Found a transporter.
 18897 | Gauntlet | Found a transporter.
 18911 | Gauntlet | Found a runed translucent door.
 18913 | Gauntlet | Found a transporter.
 18924 | Gauntlet | Found a transporter.
 18936 | Gauntlet | Found a transporter.
 18950 | Gauntlet | Found a transporter.
 18950 | Gauntlet | Found a transporter.
 18950 | Gauntlet | Noticed a reaper
 18958 | Gauntlet | Found a runed translucent door.
 18964 | Gauntlet | Found a transporter.
 18977 | Gauntlet | Found a transporter.
 19023 | Gauntlet | Found a transporter.
 19188 | Gauntlet | Noticed a bunyip
 19202 | Gauntlet | a bunyip changed into a fire dragon
 19354 | Gauntlet | Identified the amulet "Fujonoiwey" {Fragile Regen+ Str+5
                  | Int-2 Dex+3}
 19435 | Gauntlet | Noticed a minotaur
 19444 | Gauntlet | Killed a minotaur
 19465 | Gauntlet | Identified the +1 ring mail of Weightlessness {Will+}
 19474 | Gauntlet | Identified the +1 robe of Qiuduon {Str+8 Dex+2}
 19475 | Gauntlet | Got the Papyrus of the Hyperbolic Ground
 19675 | Lair:3   | Reached skill level 19 in Polearms
 20760 | Lair:4   | Found a runed translucent door.
 20761 | Lair:4   | Noticed Khashishi's ghost (journeyman HuRe)
 21281 | Lair:5   | Entered Level 5 of the Lair of Beasts
 21342 | Lair:4   | Reached XP level 14. HP: 111/116 MP: 17/17
 21674 | Lair:5   | Found a staircase to the Slime Pits.
 21763 | Lair:5   | Reached skill level 20 in Polearms
 21895 | Lair:5   | an eight-headed hydra changed into an emperor scorpion
 21895 | Lair:5   | Noticed an emperor scorpion
 21904 | Lair:5   | Killed an emperor scorpion
 22281 | Lair:5   | Reached skill level 10 in Fighting
 22818 | Orc:1    | Entered Level 1 of the Orcish Mines
 22830 | Orc:1    | Noticed Urug
 22841 | Orc:1    | Killed Urug
 23216 | Orc:2    | Entered Level 2 of the Orcish Mines
 23242 | Orc:2    | Found Ditwuqo's Desiderata Depot.
 23445 | Orc:2    | Found a staircase to the Elven Halls.
 23599 | Orc:2    | Reached skill level 10 in Dodging
 23801 | Orc:2    | Reached XP level 15. HP: 128/128 MP: 18/18
 23862 | Orc:2    | Found Bomuw's General Store.
 23862 | Orc:2    | Found Jetronum's Distillery.
 23863 | Orc:2    | Found Gousella's Weapon Emporium.
 23863 | Orc:2    | Found Haacreob's Armour Shoppe.
 23870 | Orc:2    | Bought 2 curare-tipped darts for 15 gold pieces
 24378 | Orc:2    | Bought a manual of Dodging for 960 gold pieces
 24538 | D:11     | Reached skill level 21 in Polearms
 24542 | D:11     | Identified the amulet of Ipluofub {Faith rPois Str+2
                  | Stlth+}
 24624 | D:11     | Identified the ring of the Endless Expanse {rC+ MP+9 Int+4}
 24681 | D:11     | Identified the +3 leather armour of Kienirph {Slay+3}
 24693 | D:11     | Learned a level 3 spell: Mephitic Cloud
 25711 | Orc:2    | Bought a scroll of identify for 26 gold pieces
 25972 | D:3      | Bought a glass ring for 145 gold pieces
 25972 | D:3      | Bought a scroll labelled XORGHO QICLOC for 29 gold pieces
 25972 | D:3      | Bought a scroll of identify for 58 gold pieces
 25972 | D:3      | Bought a scroll labelled PINLEXZ BIPPI for 29 gold pieces
 25972 | D:3      | Bought a scroll labelled PINLEXZ BIPPI for 29 gold pieces
 26125 | Spider:1 | Entered Level 1 of the Spider Nest
 26286 | Spider:1 | HP: 1/130 [disintegration (72)]
 26488 | Spider:1 | Identified the +1 chain mail "Jup Rubb" {rF+ rCorr Str+3
                  | Dex-3}
 27306 | Spider:2 | Learned a level 3 spell: Kindle Blastsparks
 27318 | Spider:2 | Reached XP level 16. HP: 111/139 MP: 16/19
 27350 | Spider:2 | Reached skill level 22 in Polearms
 27940 | Spider:3 | Identified the +7 short sword of Jacen {freeze, MP+9 Int+2
                  | Dex+2}
 28759 | Spider:4 | Entered Level 4 of the Spider Nest
 29015 | Spider:4 | HP: 1/141 [disintegration (54)]
 29786 | Spider:4 | Noticed Arachne
 30416 | Spider:4 | Killed Arachne
 30830 | Spider:4 | Got a gossamer rune of Zot
 32002 | Shoals:1 | Entered Level 1 of the Shoals
 32091 | Shoals:1 | Found Ynifuf's General Store.
 32127 | Shoals:1 | Reached skill level 23 in Polearms
 32193 | Shoals:1 | Found Paawk's Assorted Antiques.
 32422 | Shoals:1 | Reached XP level 17. HP: 138/149 MP: 20/20
 32457 | Shoals:1 | Reached skill level 15 in Dodging
 32479 | Shoals:1 | Bought a scroll of identify for 42 gold pieces
 32484 | Shoals:1 | Found Wameodak's Assorted Antiques.
 32538 | Shoals:1 | Found Unloo's Jewellery Shop.
 32561 | Shoals:1 | Bought a large emerald amulet for 190 gold pieces
 32661 | Shoals:1 | Found Zakhoemu's Assorted Antiques.
 32672 | Shoals:1 | Bought a masterwork scale mail for 225 gold pieces
 32672 | Shoals:1 | Identified the +3 scale mail of Dowdy Intercession {Str+6
                  | Int+3 Dex-3} (You bought it in a shop on level 1 of the
                  | Shoals)
 33155 | Shoals:2 | Noticed Aizul
 33175 | Shoals:1 | Killed Aizul
 33325 | Shoals:2 | Noticed Ilsuiw
 33558 | Shoals:2 | Noticed Polyphemus
 33577 | Shoals:2 | Killed Polyphemus
 33967 | Shoals:2 | Killed Ilsuiw
 34470 | Shoals:3 | Identified the +4 ring mail of Agoraphobia {+Inv rElec
                  | Dex-2}
 34478 | Shoals:3 | Reached skill level 24 in Polearms
 34843 | Shoals:3 | Identified the +3 war axe "Pyumiw" {flame, rF+ rCorr Str-2}
 35097 | Shoals:3 | Noticed Bai Suzhen
 35144 | Shoals:4 | Entered Level 4 of the Shoals
 35158 | Shoals:4 | Acquired 734 gold pieces
 35271 | Shoals:4 | Paralysed by an air elemental for 1 turns
 35445 | Shoals:4 | Paralysed by an air elemental for 1 turns
 35451 | Shoals:4 | Paralysed by an air elemental for 1 turns
 35502 | Shoals:4 | Paralysed by an air elemental for 1 turns
 35507 | Shoals:4 | Paralysed by an air elemental for 1 turns
 35512 | Shoals:4 | Paralysed by an air elemental for 1 turns
 35582 | Shoals:4 | Paralysed by an air elemental for 1 turns
 35586 | Shoals:4 | Paralysed by an air elemental for 1 turns
 35733 | Shoals:4 | Paralysed by an air elemental for 1 turns
 35736 | Shoals:4 | Paralysed by an air elemental for 1 turns
 35815 | Shoals:4 | Reached XP level 18. HP: 139/161 MP: 21/21
 35972 | Shoals:4 | Paralysed by an air elemental for 1 turns
 35981 | Shoals:4 | Paralysed by an air elemental for 1 turns
 35983 | Shoals:4 | Paralysed by an air elemental for 1 turns
 36047 | Shoals:4 | Paralysed by an air elemental for 1 turns
 36328 | Shoals:4 | Identified the +6 shortbow of Causality {freeze, rC+ rCorr}
 36328 | Shoals:4 | Identified the ring "Agikk" {Fire rElec Will++ rCorr Dex-4}
 36566 | Shoals:4 | Reached skill level 15 in Fighting
 36725 | Shoals:4 | Got a barnacled rune of Zot
 36954 | Shoals:3 | Noticed Louise
 37069 | Shoals:3 | Killed Bai Suzhen
 37070 | Shoals:3 | Reached skill level 25 in Polearms
 37351 | Shoals:3 | Killed Louise
 38052 | D:15     | Entered Level 15 of the Dungeon
 38241 | D:15     | Paralysed by an ogre mage for 4 turns
 38851 | D:15     | Found a staircase to the Depths.
 39239 | D:15     | Got the Anthology of Transformation and Breath
 39393 | Depths:1 | Entered Level 1 of the Depths
 39446 | Depths:1 | Found a one-way gate to the infinite horrors of the Abyss.
 39777 | Depths:2 | Reached skill level 26 in Polearms
 39892 | Depths:1 | Reached skill level 1 in Spellcasting
 39897 | Depths:1 | Found a gateway to Hell.
 40178 | Depths:1 | Found a one-way gateway to a ziggurat.
 40281 | Depths:1 | Noticed Sojobo
 40462 | Vaults:1 | Entered Level 1 of the Vaults
 40619 | Vaults:1 | Learned a level 2 spell: Wereblood
 40660 | Vaults:1 | Reached XP level 19. HP: 88/170 MP: 27/29
 41144 | Vaults:1 | Reached skill level 5 in Spellcasting
 41712 | Vaults:1 | Identified the +9 ring mail "Uson" {rCorr}
 42458 | Vaults:2 | Found Welof's Armour Shoppe.
 42660 | Vaults:2 | Identified the +1 leather armour of Unipick {*Slow Regen+
                  | Dex+4}
 42699 | Vaults:2 | Identified the +5 mace of Cheibriados's Envy {antimagic,
                  | rElec rN+}
 42956 | Vaults:2 | Identified the +6 spear of the Gloaming {speed, rElec}
 44357 | Vaults:3 | Reached XP level 20. HP: 150/185 MP: 33/33
 44732 | Vaults:3 | Noticed an ancient lich
 44750 | Vaults:3 | Killed an ancient lich
 45015 | Vaults:3 | Found a staircase to the Crypt.
 45260 | Vaults:3 | Found a runed translucent door.
 45260 | Vaults:3 | Noticed Duyfal's ghost (adept SpCj)
 45500 | Vaults:3 | Killed Duyfal's ghost
 45503 | Vaults:3 | Identified the +1 ring mail "Zuegiu" {rC+ Int+7}
 45706 | Vaults:4 | Found a flickering gateway to a bazaar.
 45745 | Bazaar   | Entered a bazaar
 45746 | Bazaar   | Found Estor's Book Emporium.
 45760 | Bazaar   | Found Madodoystra's Distillery.
 45768 | Bazaar   | Found Zeavenk's General Store.
 45776 | Bazaar   | Bought a potion of curing for 33 gold pieces
 45780 | Bazaar   | Found Athrimic's Weapon Shop.
 45786 | Bazaar   | Found Qaru's Armour Shop.
 45816 | Bazaar   | Bought a potion of curing for 48 gold pieces
 45816 | Bazaar   | Bought 2 potions of heal wounds for 160 gold pieces
 45816 | Bazaar   | Bought 2 potions of heal wounds for 160 gold pieces
 45816 | Bazaar   | Bought a potion of mutation for 128 gold pieces
 45830 | Bazaar   | Bought a book of the Earth for 576 gold pieces
 45835 | Bazaar   | Learned a level 4 spell: Leda's Liquefaction
 45841 | Bazaar   | Learned a level 5 spell: Lee's Rapid Deconstruction
 46058 | Vaults:4 | Reached skill level 1 in Earth Magic
 46519 | Vaults:4 | Found the +5 glaive of the Guard {elec, spectral, AC+5}
 47003 | Vaults:4 | Reached skill level 5 in Earth Magic
 47291 | Vaults:5 | Entered Level 5 of the Vaults
 47885 | Lair:4   | Killed Khashishi's ghost
 48228 | D:15     | HP: 9/189 [Sojobo/bolt of lightning (38)]
 48700 | Depths:1 | Found a one-way gate leading to the halls of Pandemonium.
 48898 | D:15     | Paralysed by an air elemental for 1 turns
 48913 | D:15     | Killed Sojobo
 49239 | Depths:1 | Reached XP level 21. HP: 177/195 MP: 37/37
 49392 | Depths:2 | Gained mutation: Potions are less effective at restoring
                  | your health. [a neqoxec]
 49447 | Depths:2 | Found a transporter.
 49764 | Depths:2 | Noticed a golden dragon
 49837 | Depths:2 | Killed a golden dragon
 50181 | Depths:2 | Found a transporter.
 50584 | Depths:3 | Reached skill level 1 in Armour
 51755 | Hell     | Entered the Vestibule of Hell
 51756 | Hell     | Noticed Geryon
 51802 | Hell     | Killed Geryon
 51803 | Hell     | Reached skill level 10 in Earth Magic
 51871 | Hell     | Paralysed by a wendigo for 1 turns
 51926 | Hell     | Found a gateway to the freezing wastes of Cocytus.
 51984 | Coc:1    | Entered Level 1 of Cocytus
 52195 | Hell     | Found a gateway to the ashen valley of Gehenna.
 52211 | Geh:1    | Entered Level 1 of Gehenna
 52606 | Hell     | Found a gateway to the Iron City of Dis.
 52722 | Hell     | Found a gateway to the decaying netherworld of Tartarus.
 52762 | Tar:1    | Entered Level 1 of Tartarus
 52979 | Dis:1    | Entered Level 1 of the Iron City of Dis
 53477 | Elf:1    | Entered Level 1 of the Elven Halls
 53676 | Elf:1    | Noticed Frances
 53697 | Elf:1    | Killed Frances
 53880 | Elf:1    | Got the Almanac of Blasphemous Secrets
 53887 | Elf:1    | Learned a level 5 spell: Borgnjor's Vile Clutch
 53988 | Elf:1    | Reached XP level 22. HP: 168/168 MP: 39/39
 55414 | Elf:2    | Found a runed translucent gate.
 55415 | Elf:2    | Found a runed translucent gate.
 55415 | Elf:2    | Found a runed translucent gate.
 56179 | Elf:3    | Entered Level 3 of the Elven Halls
 56689 | Hell     | Learned a level 6 spell: Statue Form
 57852 | Elf:3    | Noticed Donald
 57970 | Elf:3    | Killed Donald
 58109 | Elf:3    | Paralysed by an air elemental for 1 turns
 58351 | Elf:3    | Reached skill level 15 in Earth Magic
 58355 | Elf:3    | Paralysed by an air elemental for 1 turns
 58361 | Elf:3    | Paralysed by an air elemental for 1 turns
 58404 | Elf:3    | Identified the +2 robe "Quelarur" {rN++ Str+2 Dex+2 Stlth-}
 58734 | Depths:1 | Voluntarily entered the Abyss.
 59279 | Depths:1 | Escaped the Abyss
 59496 | Geh:2    | Found a runed translucent gate.
 59499 | Geh:2    | Found a runed translucent gate.
 59499 | Geh:2    | Found a runed translucent gate.
 59499 | Geh:2    | Found a runed translucent gate.
 59499 | Geh:2    | Found a runed translucent gate.
 59499 | Geh:2    | Found a runed translucent gate.
 59500 | Geh:2    | Found a runed translucent gate.
 59500 | Geh:2    | Found a runed translucent gate.
 59500 | Geh:2    | Found a runed translucent gate.
 59501 | Geh:2    | Found a runed translucent gate.
 59501 | Geh:2    | Found a runed translucent gate.
 59501 | Geh:2    | Found a runed translucent gate.
 60004 | Depths:1 | Voluntarily entered the Abyss.
 60066 | Abyss:1  | Gained mutation: You are frail. (-10% HP) [a neqoxec]
 60177 | Abyss:1  | Gained mutation: You are very frail. (-20% HP) [a neqoxec]
 60210 | Abyss:1  | Reached XP level 23. HP: 152/153 MP: 40/40
 60589 | Depths:1 | Escaped the Abyss
 61887 | Depths:4 | Entered Level 4 of the Depths
 62155 | Depths:4 | Lost mutation: Potions are less effective at restoring your
                  | health. [potion of mutation]
 62155 | Depths:4 | Lost mutation: You are very frail. (-20% HP) [potion of
                  | mutation]
 62155 | Depths:4 | Lost mutation: Your natural rate of healing is unusually
                  | fast. [potion of mutation]
 62155 | Depths:4 | Gained mutation: You are clumsy. (Dex -2) [potion of
                  | mutation]
 62155 | Depths:4 | Gained mutation: You have a pair of small antennae on your
                  | head. [potion of mutation]
 62155 | Depths:4 | Gained mutation: Your spells are a little harder to cast,
                  | but a little more powerful. [potion of mutation]
 62155 | Depths:4 | Gained mutation: Your flesh is heat resistant. (rF+)
                  | [potion of mutation]
 63084 | Depths:4 | Identified the +9 long sword of the Wilderness {heavy,
                  | Will+ rCorr Stlth+}
 64101 | Geh:5    | Learned a level 9 spell: Shatter
 64411 | Geh:5    | Reached skill level 5 in Armour
 65334 | Geh:7    | Entered Level 7 of Gehenna
 65675 | Geh:7    | Noticed a dread lich
 65691 | Geh:7    | Killed a dread lich
 65692 | Geh:7    | Reached XP level 24. HP: 94/203 MP: 7/42
 65700 | Geh:7    | HP: 8/203 [searing wretch (20)]
 65700 | Geh:7    | HP: 1/203 [searing wretch (7)]
 65700 | Geh:7    | Mangled by a searing wretch

Illustrated notes

Levels and vault maps discovered:
D:1:      lightli_molten_gateway, layout_basic, solitary_fountain
D:2:      layout_loops_corners, serial_shops, shop, minmay_crystal_water,
          uniq_natasha, uniq_robin
D:3:      layout_basic, grunt_qazlal_clouds, mainiacjoe_overflow_cross_hatched,
          serial_shops, nicolae_diamond_shop, nicolae_shop_bloodbath_and_beyond,
          nicolae_shop_waterfront, nicolae_shop_hallway_stairs, shop
D:4:      layout_layer_cave, uniq_sigmund
D:5:      layout_layer_cave, okawaru_trees_2, nicolae_ru_path_of_blood,
          minmay_temple_entry_metal_lava
D:6:      layout_rooms, mainiacjoe_overflow_six_doors_small,
          lemuel_coloured_pillars_altar, nicolae_ossuary_entry_giza
D:7:      layout_basic, mainiacjoe_overflow_tiny_flanked
D:8:      layout_layer_cave, nicolae_sif_muna_condensation, hex_tiny
D:9:      layout_rooms, lair_entry_dummy
D:10:     layout_basic, uniq_psyche
D:11:     minmay_the_grid_octo_tiled_octocenter
          [minmay_the_grid_octo_checkerflower, minmay_the_grid_octo_clover_2,
          minmay_the_grid_octo_toaster, minmay_the_grid_octo_horde,
          minmay_the_grid_octo_prize_star,
          minmay_the_grid_square_5x5_two_walls_b,
          minmay_the_grid_square_5x5_two,
          minmay_the_grid_square_5x5_hollow_slash,
          minmay_the_grid_square_5x5_half_checkered], layout_loops_cross
D:12:     layout_roguey, portal_ice_cave_entry_imps
D:13:     layout_basic, ximxim_vaults_locker_room,
          onia_ninara_dug_in_and_dangerous, uniq_erolcha
D:14:     layout_irregular_city, serial_bayou_ford_a, feat_on_display
D:15:     gammafunk_depths_entry_grave, layout_grid_maze, serial_park_paths
          [serial_park_minivault_5x5_8]
Lair:1:   layout_gridlike, nicolae_volcano_entry_s_turn, lemuel_fruit_fields,
          lemuel_fruit_fields, grunt_megastairs_2, serial_bayou_shore_a,
          uniq_maggie
Lair:2:   layout_gridlike, shoals_dummy_entry,
          hellmonk_spider_entry_life_and_decay, special_room [special_room_bee],
          lemuel_fruit_tree, uniq_amaemon
Lair:3:   dpeg_oklob_gauntlet, layout_small_grid, gauntlet_entry_generic,
          kennysheep_abandoned_house, grunt_megastairs_1
Lair:4:   layout_small_grid, ebering_ghost_inner_flame,
          infiniplex_staircase_pool_2
Lair:5:   due_jungle_book, layout_small_grid, slime_entry_1
Shoals:1: cheibrodos_shoals_epimethial_gifts, layout_shoals, serial_shops,
          nicolae_lakefront_shop, shop, shop, nicolae_shop_crystal,
          nicolae_shop_stone
Shoals:2: layout_shoals, uniq_polyphemus, uniq_ilsuiw, uniq_aizul
Shoals:3: layout_shoals, uniq_louise, uniq_bai_suzhen
Shoals:4: shoals_end_hellmonk_storm_palace [storm_palace_center_ruins,
          storm_palace_corner_grid, storm_palace_corner_reverse_hut,
          storm_palace_corner_altar, storm_palace_corner_reverse_hut]
Spider:1: layout_spider_delve
Spider:2: layout_spider_delve, special_room, nicolae_spider_nooks_and_crannies,
          hangedman_spider_tarantella_strand
Spider:3: layout_cave_pods
Spider:4: johnstein_spider_rune_arachne_lair, spiders_nest_ghost_moth_duel
Orc:1:    layout_caves, uniq_urug
Orc:2:    st_orc_pillars, layout_diamond_mine, special_room, basic_altar,
          nicolae_alphabet_shops, minmay_orc_temple_c
Elf:1:    elf_arrival_002, layout_geoelf_octagon, minmay_elf_necromancy,
          st_stairs_10, uniq_frances
Elf:2:    nicolae_elf_blades_crystal_corner, layout_gridlike
Elf:3:    grunt_elf_hall_branching, layout_gridlike,
          nicolae_elf_loose_elemental_storage, uniq_donald
Vaults:1: v_misc_33, hangedman_vaults_slice, ontoclasm_vaults_shuriken,
          vaults_standard_mumra_lines, v_pattern_5,
          nicolae_vaults_twisting_passages, nicolae_vaults_disjoint_gnomons,
          nicolae_vaults_statue_guard, vaults_room_fancy_cross, v_misc_22,
          nicolae_vaults_little_squares_4, layout_vaults_maze_bifur
Vaults:2: v_misc_22, grunt_vaults_hallway_long, vaults_room_glass_cross,
          v_rooms_5, vaults_mumra_minichess, v_alt_pattern_5,
          vaults_dpeg_encased_lava, nicolae_vaults_little_squares_6,
          nicolae_vaults_network_square, hangedman_vaults_restitches,
          layout_vaults_omnigrid, serial_shops, shop_fountains
Vaults:3: gammafunk_ghost_grave, minmay_crypt_entry_necro_gods,
          ontoclasm_vaults_ring_large, vaults_dpeg_diagonal,
          hangedman_vaults_stream, hangedman_vaults_nodes, v_misc_5,
          ontoclasm_vaults_tryst, v_misc_27, v_misc_27, vaults_dpeg_cross,
          nicolae_vaults_shelves_hall, v_rooms_4, st_more_cells,
          vaults_dpeg_emergency_exit, layout_vaults_omnicross
Vaults:4: v_alt_pattern_2, hangedman_vaults_unwind, v_misc_29,
          minmay_guarded_unrand_guard_vaults, hangedman_vaults_variations,
          hangedman_vaults_restitches, v_rooms_6, vaults_room_hallway,
          v_misc_16, layout_vaults_ring, serial_shops, bzr_entry_dummy
Vaults:5: uniq_boris, uniq_saint_roka
Depths:1: layout_cave_shapes, enter_ziggurat_b, grunt_pan_entry_spiral,
          abyss_entry, basic_altar, hell_entry, grunt_ministairs_13,
          minivault_1, kennysheep_generic_room_7, uniq_sojobo
Depths:2: gammafunk_dig_for_victory, layout_cave_shapes,
          grunt_pan_entry_sceptre, moated_statue, hell_entry, wad_mini_maze
Depths:3: minmay_bubble_buster, layout_basic, minmay_misc_feat_roman,
          hell_entry, rand_demon_pan_entry_7,
          nicolae_abyss_entry_one_way_or_another
Depths:4: lemuel_castle_with_subvaults [lemuel_castle_interior_carwin_3],
          layout_basic, pf_hell_entry_great_geh, fedhas_altar_3,
          yredelemnul_forgotten_temple_becter
Hell
Dis:1:    hangedman_dis_decor_blocks_mantle, layout_regular_city,
          minmay_strange_pillars, nicolae_dis_emergency_hatch
Geh:1:    layout_gehenna_pools_box
Geh:2:    layout_gehenna_lava_caves, nicolae_geh_backdraft
Geh:3:    layout_gehenna_pools_box
Geh:4:    layout_gehenna_pools_basic
Geh:5:    layout_gehenna_pools_box
Geh:6:    layout_gehenna_pools_triple
Geh:7:    geh_old
Coc:1:    layout_ice_bergs
Coc:2:    layout_cocytus_water_paths
Tar:1:    layout_catacombs, nicolae_tar_spectre_spectrum

Skill      XL: |  1  2  3  4  5  6  7  8  9 10 11 12 13 14 15 16 17 18 19 20 21 22 23 |
---------------+----------------------------------------------------------------------+-----
Polearms       | 2 3 4 5 6 7 9 10 12 13 14 17 19 20 21 23 24 26 | 26.0
Dodging        | 3 5 6 7 8 10 12 14 15 16 17 | 17.7
Fighting       | 3 5 6 8 10 11 13 14 15 17 18 19 20 | 20.6
Evocations     | 1 4 |  4.0
Spellcasting   | 3 6 7 8 9 |  9.7
Earth Magic    | 6 11 16 19 | 19.6
Armour         | 4 6 |  6.1
Stealth        | |  4.5

Action                   |  1- 3 |  4- 6 |  7- 9 | 10-12 | 13-15 | 16-18 | 19-21 | 22-24 || total
-------------------------+-------+-------+-------+-------+-------+-------+-------+-------++-------
Melee: Spear             |    15 |       |       |       |       |       |       |       ||    15
       Quarterstaff      |    64 |   122 |   171 |       |       |       |       |       ||   357
       Halberd           |       |       |   276 |   348 |       |       |       |       ||   624
       Hand axe          |       |       |     8 |    16 |       |       |       |       ||    24
       Lochaber axe      |       |       |       |   231 |  1233 |  1653 |  1693 |  1157 ||  5967
 Fire: Sling             |    10 |       |    22 |    26 |       |       |       |       ||    58
       Shortbow          |       |       |     6 |       |       |       |       |       ||     6
Throw: Stone             |     1 |       |     2 |       |       |       |       |       ||     3
       Dart              |       |     7 |    19 |    39 |     2 |     2 |     2 |       ||    71
       Boomerang         |       |       |     1 |     6 |    32 |    40 |    22 |   108 ||   209
       Throwing net      |       |       |       |       |       |       |     2 |       ||     2
 Cast: Necrotise         |       |     1 |       |       |       |       |       |       ||     1
       Summon Small Mamm |       |       |     4 |     2 |       |       |       |     9 ||    15
       Blink             |       |       |       |     1 |     1 |     2 |     3 |     4 ||    11
       Mephitic Cloud    |       |       |       |       |     3 |    31 |     2 |    12 ||    48
       Momentum Strike   |       |       |       |       |     1 |     3 |       |       ||     4
       Wereblood         |       |       |       |       |       |       |     7 |     1 ||     8
       Leda's Liquefacti |       |       |       |       |       |       |     4 |     9 ||    13
       Lee's Rapid Decon |       |       |       |       |       |       |    12 |    73 ||    85
       Borgnjor's Vile C |       |       |       |       |       |       |       |    34 ||    34
       Statue Form       |       |       |       |       |       |       |       |     1 ||     1
       Kindle Blastspark |       |       |       |       |       |       |       |     1 ||     1
 Abil: End Transformatio |       |       |       |       |       |       |       |     1 ||     1
Evoke: Wand              |       |     1 |     9 |     6 |    15 |    47 |     3 |       ||    81
       Lightning rod     |       |       |       |       |    11 |       |       |       ||    11
       Condenser vane    |       |       |       |       |     2 |     2 |     3 |     1 ||     8
       Phial of floods   |       |       |       |       |     1 |     2 |     3 |       ||     6
       Phantom mirror    |       |       |       |       |       |     2 |     1 |     2 ||     5
  Use: Scroll            |     1 |       |     2 |    13 |    12 |     6 |     5 |     1 ||    40
       Potion            |       |       |     3 |     3 |     2 |     2 |    10 |     5 ||    25
 Stab: Sleeping          |     8 |    11 |    12 |     8 |     7 |     9 |     6 |     6 ||    67
       Distracted        |       |     1 |     2 |     1 |     7 |     4 |     2 |     3 ||    20
       Confused          |       |       |       |       |     4 |    30 |    16 |    11 ||    61
       Held in net/web   |       |       |       |       |       |       |     1 |       ||     1
Armor: Leather armour    |    33 |    43 |    55 |       |       |       |       |       ||   131
       Scale mail        |       |       |    31 |       |       |       |       |       ||    31
       Chain mail        |       |       |   105 |    10 |       |       |       |       ||   115
       Ring mail         |       |       |       |   259 |   516 |   531 |   492 |   296 ||  2094
       Acid dragon scale |       |       |       |     1 |     1 |       |       |       ||     2
       Skin              |       |       |       |       |       |       |       |    13 ||    13
Dodge: Dodged            |    90 |   111 |   269 |   407 |  1044 |  1480 |   952 |   582 ||  4935

Table legend: (Time is in decaauts)
 A = Elapsed time spent in this place.
 B = Non-inter-level travel time spent in this place.
 C = Inter-level travel time spent in this place.
 D = Time resting spent in this place.
 E = Time spent auto-exploring this place.
 F = Levels seen in this place.
 G = Mean time per level.
                   A        B        C        D        E       F      G
               +--------+--------+--------+--------+--------+-----+--------+
         Total |  65345 |  58219 |   7126 |   6805 |  30577 |  61 | 1071.2 |
       Dungeon |  20205 |  16786 |   3419 |   1761 |   9687 |  15 | 1347.0 |
          Lair |   5911 |   5162 |    749 |    137 |   3301 |   5 | 1182.2 |
        Shoals |   5600 |   5353 |    247 |    886 |   2098 |   4 | 1400.0 |
   Spider Nest |   5787 |   5618 |    169 |    835 |   3273 |   4 | 1446.8 |
  Orcish Mines |   1909 |   1484 |    425 |     31 |    849 |   2 |  954.5 |
   Elven Halls |   3592 |   3302 |    290 |    437 |   1790 |   3 | 1197.3 |
        Vaults |   6761 |   6382 |    379 |    472 |   3531 |   5 | 1352.2 |
        Depths |   5703 |   5034 |    669 |    384 |   3050 |   4 | 1425.8 |
          Hell |   2307 |   1964 |    343 |    833 |    467 |   1 | 2307.0 |
           Dis |     28 |     28 |      0 |      0 |      0 |   1 |   28.0 |
       Gehenna |   3919 |   3496 |    423 |    651 |   1423 |   7 |  559.9 |
       Cocytus |    151 |    142 |      9 |      0 |     15 |   2 |   75.5 |
      Tartarus |     99 |     99 |      0 |      3 |      0 |   1 |   99.0 |
         Abyss |   1074 |   1074 |      0 |     50 |    414 |   2 |  537.0 |
        Bazaar |    118 |    118 |      0 |      0 |     42 |   1 |  118.0 |
       Ossuary |    608 |    608 |      0 |    103 |    167 |   1 |  608.0 |
      Ice Cave |    357 |    357 |      0 |    136 |      0 |   1 |  357.0 |
       Volcano |    583 |    583 |      0 |     81 |    207 |   1 |  583.0 |
      Gauntlet |    626 |    626 |      0 |      0 |    259 |   1 |  626.0 |
               +--------+--------+--------+--------+--------+-----+--------+

Top non-repeatable levels by time:
Spider:4: 2496 daAuts
    Hell: 2307 daAuts
     D:4: 2006 daAuts
     D:5: 1969 daAuts
Vaults:3: 1919 daAuts
    D:13: 1820 daAuts
   Elf:2: 1816 daAuts
Depths:1: 1784 daAuts
    D:11: 1777 daAuts
Vaults:2: 1749 daAuts
    D:15: 1737 daAuts
     D:7: 1702 daAuts
Shoals:4: 1682 daAuts
Spider:3: 1636 daAuts
Vaults:4: 1599 daAuts
